 Dungeon Crawl Stone Soup version 0.30-a0-1018-g25214051b3 (webtiles) character file.

Game seed: 3428655940714488012

1 kae the Insei (level 1, 0/15 HPs)
             Began as a Demonspawn Transmuter on Apr 7, 2023.
             Slain by a gnoll
             ... wielding a +0 club
              (5 damage)
             ... on level 1 of the Dungeon.
             The game lasted 00:00:06 (63 turns).

kae the Insei (Demonspawn Transmuter)                 Turns: 63, Time: 00:00:07

Health: 0/15       AC:  2    Str: 10    XL:     1   Next: 16%
Magic:  3/3        EV: 12    Int: 14    God:
Gold:   0          SH:  0    Dex: 13    Spells: 3/4 levels left

rFire   . . .      SeeInvis .      - Unarmed
rCold   . . .      Faith    .    (no shield)
rNeg    . . .      Spirit   .    a - +0 robe
rPois   .          Reflect  .    (no helmet)
rElec   .          Rampage  .    (no cloak)
rCorr   .                        (no gloves)
Will    .....                    (no boots)
Stlth   +                        (no amulet)
HPRegen 0.22/turn                (no ring)
MPRegen 0.08/turn                (no ring)

@: no status effects
A: no striking features
a: no special abilities


You were on level 1 of the Dungeon.
You visited 1 branch of the dungeon, and saw 1 of its levels.


   Skills:
 - Level 1.0 Fighting
 - Level 1.7 Dodging
 + Level 2.7 Unarmed Combat
 + Level 2.0 Spellcasting
 * Level 1.8 Transmutations


You had 3 spell levels left.
You knew the following spells:

 Your Spells              Type           Power      Damage    Failure   Level
a - Beastly Appendage     Tmut           12%        N/A       11%         1

Your spell library contained the following spells:

 Spells                   Type           Power      Damage    Failure   Level
 Wereblood                Tmut           6%         N/A       17%         2
 Spider Form              Tmut/Pois      4%         N/A       43%         3
 Ice Form                 Ice/Tmut       4%         N/A       85%         4

Inventory:

Armour
 a - a +0 robe (worn)
Potions
 b - a potion of lignification {!q}
 c - a potion of degeneration {unknown}

Dungeon Overview and Level Annotations

Branches:
Dungeon (1/15) Zot: 5936

Altars:

Annotations:
D:1 1 runed translucent door

... #.# #)# ... ## #.#
#.##.# # #.#.##.# #@....#
#g#.#### # #$##.####.##.
...# #......... ###### #.#
##..#####. ......
#..####..# ......
#........# ...BhJ
#.#####..#
####+#######.##.##†.#####.


You could see a gnoll.


Message History

Lua error: /dgldir/rcfiles/crawl-git/kae.rc:525: unexpected symbol near '#' 🤖 Initializing magus.rc ...
Options error: Bad monster_list_colour key: strict_neutral (~/.crawlrc:5317) Bad channel name for runrest: 'pray:' ✅ Successfully initialized magus.rc [v1.11.3] Welcome, kae the Demonspawn Transmuter.
If you return without finding the Orb of Zot, so far below, it's all over!
Press ? for a list of commands and other information.
Found a short sword.
Found two stairs.
The jackal barks! x2; You hear a bark! x2
The endoplasm quivers.
There is a fountain of clear blue water here.
You open the door.
There is an open door here.
c - a puce potion A giant cockroach comes into view.
A giant cockroach is nearby!
A giant cockroach is nearby!
Casting: Beastly Appendage (safe; 12% risk of failure)
Confirm with . or Enter, or press ? or * to list all spells.
You grow a pair of large bovine horns.
Your feet morph into talons.
Your transformation is almost over. 😎 MP[-1]
You lost 1 mp, and now have 2/3 mp.
The giant cockroach bites you but does no damage.
You hit the giant cockroach but do no damage.
You claw the giant cockroach, but do no damage.
Your headbutt misses the giant cockroach.
The giant cockroach misses you.
A giant cockroach is nearby!
You hit the giant cockroach. Your kick misses the giant cockroach.
The giant cockroach bites you.
You barely miss the giant cockroach.
The giant cockroach misses you. 😕 HP[-1]
You take 1 damage, and now have 14/15 hp.
A giant cockroach is nearby!
You hit the giant cockroach but do no damage.
Your kick misses the giant cockroach.
Your headbutt misses the giant cockroach.
The giant cockroach bites you but does no damage.
You hit the giant cockroach but do no damage.
The giant cockroach waves its antennae.
The giant cockroach closely misses you.
A giant cockroach is nearby!
Unknown command.
A giant cockroach is nearby!
You hit the giant cockroach. Your kick misses the giant cockroach.
The giant cockroach misses you.
You hit the giant cockroach.
You kill the giant cockroach! 😎 HP[+1]
Your hp is fully restored (15).
Your horns disappear.
Your talons disappear.
You see here a giant cockroach corpse.
A gnoll comes into view. It is wielding a +0 club. 😎 MP[+1]
Your mp is fully restored (3).
The gnoll shouts!
The gnoll closely misses you.
You barely miss the gnoll. The gnoll barely misses you.
A gnoll is nearby!
You closely miss the gnoll. The gnoll hits you with a +0 club!
You are too injured to fight recklessly! 😮 HP[-7]
You take 7 damage, and now have 8/15 hp.
MASSIVE DAMAGE!! (PAUSE)
You hit the gnoll. The gnoll hits you with a +0 club.
* * * LOW HITPOINT WARNING * * *
😨 HP[-3]
You take 3 damage, and now have 5/15 hp.
Unknown command.
You hit the gnoll but do no damage. The gnoll closely misses you.
You barely miss the gnoll. The gnoll barely misses you.
You hit the gnoll but do no damage. The gnoll hits you with a +0 club.
You die...

Action                     || total
---------------------------++-------
  Melee: Unarmed           ||    13
         Kick              ||     1
   Cast: Beastly Appendage ||     1
 Armour: Robe              ||     2
  Dodge: Dodged            ||     8

Levels and vault maps discovered:
D:1:      dpeg_arrival_caged_fury, layout_loops_ring

Notes
Turn   | Place    | Note
-------+----------+-------------------------------------------
     0 | D:1      | kae the Demonspawn Transmuter began the quest for the Orb.
     0 | D:1      | Reached XP level 1. HP: 15/15 MP: 3/3
     0 | D:1      | magus.rc [v1.11.3]
     1 | D:1      | Found a runed translucent door.
    63 | D:1      | Slain by a gnoll

Vanquished Creatures
  A giant cockroach (D:1)
1 creature vanquished.

Table legend:
 A = Non-vault XP
 B = Vault XP
 C = Vault XP percentage of total XP
 D = Non-vault monster count
 E = Vault monster count
 F = Vault count percentage of total count
                 A         B        C        D         E       F
            +---------+---------+-------+---------+---------+-------
      Total |       2 |       0 |   0.0 |       1 |       0 |   0.0
            +---------+---------+-------+---------+---------+-------
        D:1 |       2 |       0 |   0.0 |       1 |       0 |   0.0
            +---------+---------+-------+---------+---------+-------

Illustrated notes

Table legend:
 A = Kills in this place as a percentage of kills in the entire game.
 B = Kills by you in this place as a percentage of kills by you in the entire game.
 C = Kills by friends in this place as a percentage of kills by friends in the entire game.
 D = Other kills in this place as a percentage of other kills in the entire game.
 E = Experience gained in this place as a percentage of experience gained in the entire game.
 F = Experience gained in this place divided by the number of levels of this place that you have seen.
                   A       B       C       D       E      F
               +-------+-------+-------+-------+-------+----------------------
         Total | 100.0 | 100.0 |   N/A |   N/A | 100.0 |   2.0
       Dungeon | 100.0 | 100.0 |   N/A |   N/A | 100.0 |   2.0
               +-------+-------+-------+-------+-------+----------------------

Table legend: (Time is in decaauts)
 A = Elapsed time spent in this place.
 B = Non-inter-level travel time spent in this place.
 C = Inter-level travel time spent in this place.
 D = Time resting spent in this place.
 E = Time spent auto-exploring this place.
 F = Levels seen in this place.
 G = Mean time per level.
                   A        B        C        D        E       F      G
               +--------+--------+--------+--------+--------+-----+--------+
         Total |     62 |     62 |      0 |      0 |     44 |   1 |   62.0 |
       Dungeon |     62 |     62 |      0 |      0 |     44 |   1 |   62.0 |
               +--------+--------+--------+--------+--------+-----+--------+

Top non-repeatable levels by time:
     D:1: 62 daAuts
